 Dungeon Crawl Stone Soup version 0.26-a0-438-g4b1dca4f87 (webtiles) character file.

Game seed: 14371320251740725986

24352 Ge0ff the Basher (level 13, -5/148 HPs)
             Began as a Human Berserker on July 26, 2020.
             Was a High Priest of Trog.
             Slain by an alligator simulacrum (16 damage)
             ... in an ice cave.
             The game lasted 00:37:32 (16987 turns).

Ge0ff the Basher (Human Berserker)                 Turns: 16987, Time: 00:37:33

Health: -5/148     AC: 16    Str: 19    XL:     13   Next: 42%
Magic:  0/13       EV: 16    Int: 17    God:    Trog [*****.]
Gold:   428        SH:  0    Dex: 27    Spells: 12/12 levels left

rFire    + . .     SeeInvis .   b - +1 falchion (elec)
rCold    + . .     Faith    .   (no shield)
rNeg     . . .     Spirit   +   Y - +1 ring mail of the Bruised Queens {-Cast Int+3 Dex+10}
rPois    +         Reflect  .   i - +1 helmet "Pat Waot" {Harm rElec Int+6 Dex-2}
rElec    +         Harm     +   c - scarf {rC+ rF+}
rCorr    .         NoCast   +   G - +0 pair of gloves
MR       .....                  D - +0 pair of boots
Stlth    ..........             K - amulet of Leutotso {Spirit +Fly rElec Dex+3 Stlth-}
HPRegen  0.34/turn              s - +4 ring of protection {=R}
MPRegen  0.13/turn              O - ring of poison resistance

@: berserking, very quick
A: no striking features
a: Berserk, Trog's Hand, Brothers in Arms, Renounce Religion, Evoke Flight


You were in an ice cave.
You worshipped Trog.
Trog was extremely pleased with you.
You visited 3 branches of the dungeon, and saw 14 of its levels.
You also visited: Gauntlet and Ice Cave.

You collected 784 gold pieces.
You spent 356 gold pieces at shops.

Inventory:

Hand Weapons
 a - a +3 double sword
 b - a +1 falchion of electrocution (weapon)
 d - a +4 great mace of flaming
 u - a +4 great sword
 w - a +3 dagger
Missiles
 g - a throwing net {=f}
 n - 271 stones (quivered)
Armour
 c - a scarf of resistance (worn)
 i - the +1 helmet "Pat Waot" (worn) {Harm rElec Int+6 Dex-2}
   (You found it in a Gauntlet)

   It affects your intelligence (+6).
   It affects your dexterity (-2).
   It insulates you from electricity.
   It increases damage dealt and taken.
 o - +0 ice dragon scales
 D - a +0 pair of boots (worn)
 G - a +0 pair of gloves (worn)
 X - a +2 cloak of preservation
 Y - the +1 ring mail of the Bruised Queens (worn) {-Cast Int+3 Dex+10}
   (You found it on level 3 of the Dungeon)

   It affects your intelligence (+3).
   It affects your dexterity (+10).
   It prevents spellcasting.
Jewellery
 r - an uncursed ring of protection from fire
 s - a +4 ring of protection (left hand) {=R}
 H - an uncursed ring of ice
 K - the amulet of Leutotso (around neck) {Spirit +Fly rElec Dex+3 Stlth-}
   (You bought it in a shop on level 4 of the Dungeon)

   [amulet of guardian spirit]

   It causes incoming damage to be split between your health and magic.
   It affects your dexterity (+3).
   It insulates you from electricity.
   It lets you fly.
   It makes you less stealthy.
 O - a ring of poison resistance (right hand)
 Z - an uncursed ring of see invisible
Wands
 e - a wand of enslavement (7)
 f - a wand of flame (27)
 j - a wand of acid (12)
 k - a wand of iceblast (6)
 p - a wand of paralysis (20)
 x - a wand of random effects (8)
 P - a wand of polymorph (22)
Scrolls
 m - a scroll of magic mapping
 y - 2 scrolls of immolation
 B - 2 scrolls of blinking
 C - 3 scrolls of remove curse
 E - 3 scrolls of fear
 F - 3 scrolls of fog
 T - 5 scrolls of teleportation
Potions
 q - 4 potions of curing
 v - 2 potions of berserk rage {unknown}
 z - 2 potions of ambrosia {unknown}
 A - 2 potions of flight {unknown}
 I - 4 potions of invisibility
 J - 2 potions of stabbing {unknown}
 N - 5 potions of cancellation {!q}
 Q - a potion of lignification {unknown}
 R - 4 potions of resistance
 U - a potion of degeneration {unknown}
 W - 5 potions of heal wounds {!q}
Miscellaneous
 l - a lightning rod (3/4)
 t - a tin of tremorstones (1/3)


   Skills:
 + Level 8.5 Fighting
 * Level 12.7 Long Blades
 * Level 12.8 Maces & Flails
 + Level 7.1 Armour
 + Level 5.1 Dodging
 - Level 2.0 Stealth
 + Level 3.2 Evocations


You had 12 spell levels left.
You didn't know any spells.
Your spell library was empty.

Dungeon Overview and Level Annotations

Branches:
Dungeon (12/15)            Temple (1/1) D:5            Lair (1/6) D:10
    Orc (0/2) D:9           IceCv (1/1)             Gauntlet (visited)

Altars:
Cheibriados
Elyvilon
Hepliaklqana
Kikubaaqudgha
Nemelex Xobeh
Okawaru
Ru
Sif Muna
Uskayaw
Wu Jian
Xom
Zin

Shops:
D:4 *   D:5 [   D:7 !   D:10 *

Annotations:
Lair:1 stash


Message History

You resist.
* * * LOW HITPOINT WARNING * * *
The alligator simulacrum closely misses you.
The wolf spider simulacrum misses you.
The wolf spider simulacrum closely misses you.
You are too injured to fight recklessly!
You slash the wolf spider simulacrum!
Lightning courses through the wolf spider simulacrum!
The wolf spider simulacrum vapourises!
Trog accepts your kill.
The elephant simulacrum completely misses you.
The elephant simulacrum trunk-slaps you but does no damage.
The alligator simulacrum bites you!
* * * LOW HITPOINT WARNING * * *
The alligator simulacrum freezes you! You resist.
* * * LOW HITPOINT WARNING * * *
The alligator simulacrum tail-slaps you.
* * * LOW HITPOINT WARNING * * *
The alligator simulacrum freezes you! You resist.
You die...

#### ##
##..##
##..##....##
#......Z...#
.......☼@∩.#
..##...Z...#
###....##
##..## ####


You could see an alligator simulacrum and an elephant simulacrum.

Vanquished Creatures
  A stone giant (D:9)
  A minotaur (Gauntlet)
  3 hydras
  Erolcha (D:11)
  A hell beast (Gauntlet)
  5 two-headed ogres
  Pikel (D:5)
  A manticore (D:12)
  A deep elf mage (D:9)
  Maurice (D:12)
  A centaur skeleton (D:11)
  2 gargoyles (D:11)
  A smoke demon (Gauntlet)
  A kobold demonologist (D:11)
  2 rime drakes (Lair:1)
  3 trolls
  A wolf spider simulacrum (IceCv)
  3 slime creatures (D:12)
  2 hippogriffs
  A wyvern (D:12)
  7 shadows
  A vampire (D:11)
  A basilisk (D:11)
  3 yaks (D:12)
  2 wargs (D:10)
  Menkaure (D:6)
  An acid dragon (D:12)
  The ghost of paps the Insei, an amateur OpTm (D:3)
  7 orc warriors
  A hornet zombie (D:8)
  2 hell hounds (Gauntlet)
  3 sky beasts
  A black bear (D:9)
  2 ice beasts
  2 phantoms
  A necrophage (D:12)
  9 ogres
  11 centaurs
  3 crocodiles
  7 big kobolds
  4 bullfrogs
  5 gnoll sergeants (D:9)
  A wyvern skeleton (D:8)
  4 scorpions
  4 jellies
  12 killer bees
  19 wights
  5 electric eels
  2 crimson imps (Gauntlet)
  A bullfrog zombie (D:11)
  Crazy Yiuf (D:2)
  6 hounds
  7 orc priests
  8 orc wizards
  2 bullfrog skeletons
  3 iguanas
  11 worker ants
  A wolf simulacrum (IceCv)
  3 hound zombies
  A hound skeleton (D:4)
  A worker ant zombie (D:11)
  10 gnolls
  20 adders
  A shadow imp (D:8)
  4 white imps
  2 ufetubi
  An ooze (D:5)
  A worm (D:6)
  A dart slug (D:3)
  4 leopard geckos
  34 orcs
  A ball python (D:3)
  9 giant cockroaches
  11 goblins
  6 hobgoblins
  10 jackals
  14 kobolds
  6 quokkas
  12 bats
  15 frilled lizards
  A leopard gecko skeleton (D:7)
  2 quokka zombies
  2 rats
367 creatures vanquished.

Vanquished Creatures (collateral kills)
  An ogre (D:12)
  2 centaurs (D:12)
  An orc priest (D:12)
4 creatures vanquished.

Grand Total: 371 creatures vanquished

Notes
Turn   | Place    | Note
-------+----------+-------------------------------------------
     0 | D:1      | Ge0ff the Human Berserker began the quest for the Orb.
     0 | D:1      | Reached XP level 1. HP: 18/18 MP: 1/1
    94 | D:1      | Reached XP level 2. HP: 21/24 MP: 2/2
   354 | D:1      | Reached skill level 1 in Stealth
  1042 | D:1      | Reached XP level 3. HP: 19/29 MP: 3/3
  1810 | D:2      | Reached XP level 4. HP: 14/35 MP: 0/4
  2207 | D:2      | Reached ** piety under Trog
  2503 | D:1      | Reached XP level 5. HP: 41/41 MP: 5/5
  2825 | D:2      | Reached skill level 5 in Long Blades
  3122 | D:2      | Found a runed translucent door.
  3123 | D:2      | Noticed Crazy Yiuf
  3224 | D:2      | Killed Crazy Yiuf
  3335 | D:3      | Found a sacrificial altar of Ru.
  3761 | D:3      | Got a jasper-encrusted ring mail
  3772 | D:3      | Identified the +1 ring mail of the Bruised Queens {-Cast
                  | Int+3 Dex+10} (You found it on level 3 of the Dungeon)
  3850 | D:3      | Reached XP level 6. HP: 40/47 MP: 6/6
  4068 | D:3      | Found a runed translucent door.
  4068 | D:3      | Noticed paps's ghost (amateur OpTm)
  4082 | D:3      | Killed paps's ghost
  4621 | D:4      | Reached *** piety under Trog
  4826 | D:4      | Found Vammassa's Assorted Antiques.
  4843 | D:4      | Reached XP level 7. HP: 50/52 MP: 7/7
  4964 | D:4      | Bought a heavily runed jade amulet for 155 gold pieces
  5005 | D:4      | Identified the amulet of Leutotso {Spirit +Fly rElec Dex+3
                  | Stlth-} (You bought it in a shop on level 4 of the Dungeon)
  5096 | D:4      | Found a sparkling altar of Nemelex Xobeh.
  5286 | D:4      | Found a shimmering blue altar of Sif Muna.
  5497 | D:5      | Entered Level 5 of the Dungeon
  5520 | D:5      | Reached skill level 1 in Maces & Flails
  5678 | D:5      | Found a staircase to the Ecumenical Temple.
  5687 | Temple   | Entered the Ecumenical Temple
  6066 | D:5      | Found a glowing silver altar of Zin.
  6081 | D:5      | Noticed Pikel
  6106 | D:5      | Killed Pikel
  6106 | D:5      | Reached XP level 8. HP: 60/60 MP: 8/8
  6282 | D:5      | Found a sparkling altar of Nemelex Xobeh.
  6346 | D:5      | Found Loschave's Armour Shop.
  6450 | D:5      | Found an ancient bone altar of Kikubaaqudgha.
  6453 | D:5      | Got a slimy robe
  6607 | D:5      | Reached skill level 5 in Maces & Flails
  6750 | D:5      | Reached XP level 9. HP: 61/65 MP: 9/9
  6889 | D:4      | Bought a sapphire potion for 27 gold pieces
  6889 | D:4      | Bought a sapphire potion for 27 gold pieces
  6889 | D:4      | Bought a smoky green potion for 27 gold pieces
  6889 | D:4      | Bought a scroll labeled AHUIJYUPO for 31 gold pieces
  7227 | D:6      | Noticed Menkaure
  7235 | D:6      | Killed Menkaure
  7240 | D:6      | Reached **** piety under Trog
  8057 | D:6      | Found a snail-covered altar of Cheibriados.
  8920 | D:4      | Bought a sedimented brown potion for 27 gold pieces
  8920 | D:4      | Bought a scroll of identify for 62 gold pieces
  9351 | D:7      | Noticed a hippogriff
  9361 | D:7      | Killed a hippogriff
  9361 | D:7      | Reached skill level 1 in Evocations
  9361 | D:7      | Reached XP level 10. HP: 65/73 MP: 7/10
  9488 | D:7      | Found Yqofusch's Distillery.
  9884 | D:7      | Noticed a +0 dagger
  9884 | D:7      | Noticed a +0 hand axe
  9886 | D:7      | Found a hide-covered altar of Uskayaw.
 10062 | D:8      | Reached skill level 5 in Fighting
 10180 | D:8      | Noticed a two-headed ogre
 10193 | D:8      | Killed a two-headed ogre
 10342 | D:8      | Reached ***** piety under Trog
 10344 | D:8      | Found an iron altar of Okawaru.
 10666 | D:8      | Noticed a two-headed ogre
 10683 | D:8      | Killed a two-headed ogre
 10705 | D:8      | Reached XP level 11. HP: 72/80 MP: 9/11
 10938 | D:8      | Found an ornate altar of the Wu Jian Council.
 10978 | D:8      | Noticed a two-headed ogre
 10988 | D:8      | Killed a two-headed ogre
 10988 | D:8      | Reached skill level 10 in Long Blades
 10988 | D:8      | Reached skill level 10 in Maces & Flails
 11255 | D:8      | Found a white marble altar of Elyvilon.
 11657 | D:9      | Found a staircase to the Orcish Mines.
 11989 | D:9      | Noticed a five-headed hydra
 12007 | D:9      | Killed a five-headed hydra
 12007 | D:9      | Reached skill level 5 in Armour
 12007 | D:9      | Reached skill level 5 in Dodging
 12174 | D:9      | Noticed a four-headed hydra
 12174 | D:9      | Noticed a stone giant
 12175 | D:9      | Noticed a deep elf mage
 12470 | D:9      | Found a shimmering altar of Xom.
 12475 | D:9      | Found a hazy altar of Hepliaklqana.
 12476 | D:9      | Noticed a Killer Klown
 12476 | D:9      | Noticed a Killer Klown
 12559 | D:9      | Got a masterwork ring mail
 12560 | D:9      | Identified the cursed +0 ring mail of Death's Door {rC+
                  | Dex+2} (You found it on level 9 of the Dungeon)
 12686 | D:9      | Received a gift from Trog
 12754 | D:9      | Killed a deep elf mage
 12837 | D:9      | Killed a stone giant
 12942 | D:9      | Killed a four-headed hydra
 12942 | D:9      | Reached XP level 12. HP: 89/89 MP: 9/12
 13134 | D:10     | Entered Level 10 of the Dungeon
 13298 | D:10     | Found a staircase to the Lair.
 13590 | D:10     | Found Acudghaur's General Store.
 13927 | D:10     | Noticed a two-headed ogre
 13932 | D:10     | Killed a two-headed ogre
 14166 | D:11     | Noticed a five-headed hydra
 14254 | D:11     | Killed a five-headed hydra
 14786 | D:11     | Noticed Erolcha
 14796 | D:11     | Killed Erolcha
 15003 | D:11     | Noticed a two-headed ogre
 15008 | D:11     | Killed a two-headed ogre
 15701 | D:12     | Found a gate leading to a gauntlet.
 15724 | Gauntlet | Entered a Gauntlet
 15724 | Gauntlet | Found a transporter.
 15724 | Gauntlet | Found a runed translucent gate.
 15724 | Gauntlet | Found a transporter.
 15941 | Gauntlet | Found a runed translucent gate.
 15954 | Gauntlet | Found a transporter.
 15955 | Gauntlet | Noticed a death scarab
 15968 | Gauntlet | Found a transporter.
 15968 | Gauntlet | Found a transporter.
 15968 | Gauntlet | Found a transporter.
 15970 | Gauntlet | Found a transporter.
 15970 | Gauntlet | Found a transporter.
 15974 | Gauntlet | Noticed a great orb of eyes
 15982 | Gauntlet | Found a transporter.
 15998 | Gauntlet | Found a transporter.
 16000 | Gauntlet | Noticed a wretched star
 16008 | Gauntlet | Found a transporter.
 16010 | Gauntlet | Noticed a hell beast
 16022 | Gauntlet | Found a transporter.
 16042 | Gauntlet | Found a transporter.
 16054 | Gauntlet | Found a transporter.
 16068 | Gauntlet | Found a runed translucent gate.
 16149 | Gauntlet | Reached XP level 13. HP: 98/98 MP: 10/13
 16194 | Gauntlet | Got a slimy helmet
 16207 | Gauntlet | Identified the +1 helmet "Pat Waot" {Harm rElec Int+6
                  | Dex-2} (You found it in a Gauntlet)
 16247 | Gauntlet | Killed a hell beast
 16352 | Gauntlet | Noticed a minotaur
 16361 | Gauntlet | Killed a minotaur
 16806 | D:12     | Received a gift from Trog
 16856 | D:12     | Noticed Maurice
 16858 | D:12     | Killed Maurice
 16912 | Lair:1   | Entered Level 1 of the Lair of Beasts
 16963 | Lair:1   | Found a frozen archway.
 16978 | IceCv    | Entered an ice cave
 16987 | IceCv    | Slain by an alligator simulacrum

Illustrated notes

Levels and vault maps discovered:
D:1:      scummos_arrival_checkerplants, layout_basic, chequers_big_river,
          minmay_misc_feat_tower, hex_large
D:2:      layout_basic, uniq_crazy_yiuf_cottage
D:3:      minmay_octagon_keep, layout_basic, nicolae_ru_sacrificial_ziggurat,
          hellmonk_ghost_happy_afterlife
D:4:      layout_loops_ring, nemelex_xobeh_ov_fountains_minmay,
          lemuel_coloured_pillars_altar, serial_shops,
          nicolae_shop_competitors_out_of_business
D:5:      layout_basic, old_standard_altar, zin_statuary,
          minmay_temple_entry_enclosed_plants, serial_shops, nicolae_shop_stone,
          nemelex_dance_club_becter, uniq_pikel
D:6:      layout_layer_cave, cheibriados_altar_1, uniq_menkaure
D:7:      layout_basic, dancing_weapons_uskayaw, serial_shops, shop,
          chequers_serial_rivers_small_b, kennysheep_generic_room_13
D:8:      layout_basic, kennysheep_mini_moat, lemuel_doored_altar,
          lemuel_round_altar
D:9:      layout_basic, regret_index_temple_of_mockery,
          kennysheep_orc_monster_closet_entryway, nzn_random_ring
D:10:     layout_basic, erik_lair_orcish_takeover, serial_shops,
          nicolae_shop_behind_doors, minmay_door_square
D:11:     layout_basic, minivault_26, uniq_erolcha
D:12:     minmay_tearing_corner, layout_rooms, gauntlet_entry_generic,
          uniq_maurice
Temple:   minmay_temple_curvy_loop
Lair:1:   layout_regular_city, portal_ice_cave_rime, grunt_megastairs_5
IceCv:    ice_cave_small_necro

Skill      XL: |  1  2  3  4  5  6  7  8  9 10 11 12 13 |
---------------+----------------------------------------+-----
Stealth        | 1 2 |  2.0
Long Blades    | 4 5 7 8 9 11 12 | 12.7
Maces & Flails | 3 5 8 9 11 12 | 12.8
Armour         | 3 4 5 6 7 |  7.1
Dodging        | 3 4 5 |  5.1
Fighting       | 4 5 6 7 8 |  8.5
Evocations     | 1 3 |  3.2

Action                   |  1- 3 |  4- 6 |  7- 9 | 10-12 | 13-15 || total
-------------------------+-------+-------+-------+-------+-------++-------
Melee: Falchion          |    86 |   177 |   358 |   133 |    18 ||   772
       Scimitar          |       |       |    14 |       |       ||    14
       Great sword       |       |       |       |   300 |    34 ||   334
       Flail             |       |       |       |     8 |       ||     8
       Great mace        |       |       |       |    12 |       ||    12
Throw: Stone             |       |     8 |     7 |     5 |       ||    20
Invok: Berserk           |     4 |     6 |    11 |    17 |     3 ||    41
       Trog's Hand       |       |       |       |     4 |       ||     4
       Brothers in Arms  |       |       |       |     1 |       ||     1
Evoke: Wand              |       |       |       |    11 |     1 ||    12
       Tin of tremorston |       |       |       |       |     2 ||     2
       Lightning rod     |       |       |       |       |     1 ||     1
  Use: Scroll            |     3 |     4 |     5 |    13 |     3 ||    28
       Potion            |       |     1 |     1 |       |       ||     2
 Stab: Sleeping          |     3 |     7 |     2 |     2 |       ||    14
Armor: Animal skin       |    20 |    19 |       |       |       ||    39
       Ring mail         |       |    30 |   114 |   242 |    35 ||   421
Dodge: Dodged            |    43 |   103 |   179 |   414 |    44 ||   783
       Rpst.: Falchion   |    12 |    36 |    56 |    23 |     3 ||   130
       Scimitar          |       |       |     2 |       |       ||     2
       Great sword       |       |       |       |    71 |     7 ||    78

Table legend: (Time is in decaauts)
 A = Elapsed time spent in this place.
 B = Non-inter-level travel time spent in this place.
 C = Inter-level travel time spent in this place.
 D = Time resting spent in this place.
 E = Time spent auto-exploring this place.
 F = Levels seen in this place.
 G = Mean time per level.
                   A        B        C        D        E       F      G
               +--------+--------+--------+--------+--------+-----+--------+
         Total |  17404 |  16552 |    852 |    764 |  12288 |  16 | 1087.8 |
       Dungeon |  16341 |  15490 |    851 |    472 |  11776 |  12 | 1361.8 |
        Temple |      1 |      1 |      0 |      0 |      0 |   1 |    1.0 |
          Lair |     64 |     64 |      0 |      0 |      0 |   1 |   64.0 |
      Ice Cave |      7 |      7 |      0 |      0 |      0 |   1 |    7.0 |
      Gauntlet |    989 |    989 |      0 |    292 |    512 |   1 |  989.0 |
               +--------+--------+--------+--------+--------+-----+--------+

Top non-repeatable levels by time:
     D:6: 1914 daAuts
     D:2: 1813 daAuts
     D:8: 1630 daAuts
     D:1: 1598 daAuts
     D:9: 1540 daAuts
    D:10: 1398 daAuts
     D:3: 1329 daAuts
     D:5: 1320 daAuts
    D:11: 1297 daAuts
     D:4: 1242 daAuts
     D:7: 1038 daAuts
Gauntlet: 989 daAuts
    D:12: 216 daAuts
  Lair:1: 64 daAuts
   IceCv: 7 daAuts
